 Dungeon Crawl Stone Soup version 0.24-a0-375-g4de66ed42b (webtiles) character file.

Game seed: 6983485914309649446

137 Goodini51 the Ruffian (level 5, 0/52 HPs)
             Began as a Troll Monk on May 31, 2019.
             Slain by a gnoll
             ... wielding a +0 spear
              (6 damage)
             ... on level 3 of the Dungeon.
             The game lasted 00:03:18 (1382 turns).

Goodini51 the Ruffian (Troll Monk)                  Turns: 1382, Time: 00:03:18

Health: 0/52       AC:  6    Str: 22    XL:     5   Next: 0%
Magic:  4/4        EV: 13    Int:  6    God:
Gold:   137        SH:  0    Dex: 12    Spells: 4/4 levels left

rFire    . . .     SeeInvis .     - Unarmed
rCold    . . .     Gourm    +   (no shield)
rNeg     . . .     Faith    .   d - +0 robe (curse)
rPois    .         Spirit   .   (helmet restricted)
rElec    .         Reflect  .   (no cloak)
rCorr    .         Harm     .   (gloves unavailable)
MR       .....                  (boots unavailable)
Stlth    ++........             (no amulet)
HPRegen  0.57/turn              f - +2 ring of evasion
MPRegen  0.09/turn              i - +2 ring of strength

@: no status effects
A: large, unfitting armour, claws 3, fast metabolism 3, gourmand, regeneration
1, shaggy fur 1, tough skin 3
a: no special abilities


You were on level 3 of the Dungeon.
You were not hungry.

You visited 1 branch of the dungeon, and saw 3 of its levels.

You collected 137 gold pieces.

Inventory:

Armour
 a - a +0 robe
 d - a cursed +0 robe (worn)
Jewellery
 f - a +2 ring of evasion (left claw)
 i - a +2 ring of strength (right claw)
Scrolls
 c - a scroll of fog {unknown}
 e - a scroll of amnesia {unknown}
 h - 3 scrolls of identify {unknown}
 j - a scroll of remove curse {unknown}
Potions
 g - a potion of mutation {unknown}
 k - a potion of flight {unknown}
 l - a potion of haste {unknown}
Comestibles
 b - 5 rations


   Skills:
 * Level 2.9 Fighting
 + Level 3.0 Dodging
 + Level 1.1 Stealth
 * Level 4.8 Unarmed Combat


You had 4 spell levels left.
You didn't know any spells.
Your spell library was empty.

Dungeon Overview and Level Annotations

Branches:
Dungeon (3/15)

Altars:
Dithmenos
Sif Muna


Innate Abilities, Weirdness & Mutations

You are too large for most types of armour.
You have claws for hands.
Your metabolism is lightning-fast.
You like to eat raw meat.
Your natural rate of healing is unusually fast.
You are covered in fur. (AC +1)
You have extremely tough skin. (AC +3)


Message History

Items here: )) †† a +0 flail; a +0 whip; an orc corpse; an adder corpse You scratch the gnoll.
The gnoll is moderately wounded.
The gnoll hits you with a +0 spear.
* * * LOW HITPOINT WARNING * * *
The hobgoblin barely misses you.
You scratch the gnoll.
The gnoll is heavily wounded.
The gnoll hits you with a +0 spear.
* * * LOW HITPOINT WARNING * * *
The hobgoblin hits you but does no damage.
You barely miss the gnoll.
The gnoll is heavily wounded.
The gnoll misses you. The hobgoblin hits you with a +0 club.
* * * LOW HITPOINT WARNING * * *
You closely miss the gnoll. You claw the gnoll, but do no damage.
The gnoll is heavily wounded.
The gnoll hits you with a +0 spear.
You die...

... ..#### ..
#....
....###))####.#
#...(()......
#####...####.
#####..#.####
####g....##.....
#..@g...........
######...........
#.........#######
#.........#
...##.........#
.$.....<......#
...############


You could see a gnoll and a hobgoblin.

Vanquished Creatures
  Natasha (D:2)
  3 gnolls (D:3)
  3 adders (D:3)
  A dart slug (D:1)
  3 leopard geckos (D:1)
  An orc (D:3)
  2 bats (D:2)
  A giant cockroach (D:1)
  3 hobgoblins
  8 jackals
  9 kobolds
  A quokka (D:2)
  A ball python (D:3)
  2 frilled lizards (D:1)
  5 goblins (D:1)
  7 rats
51 creatures vanquished.

Notes
Turn   | Place    | Note
-------+----------+-------------------------------------------
     0 | D:1      | Goodini51 the Troll Monk began the quest for the Orb.
     0 | D:1      | Reached XP level 1. HP: 22/22 MP: 0/0
    36 | D:1      | Reached XP level 2. HP: 27/29 MP: 1/1
   278 | D:1      | Reached XP level 3. HP: 36/36 MP: 2/2
   663 | D:2      | Found a deep blue altar of Sif Muna.
  1064 | D:2      | Found a shadowy altar of Dithmenos.
  1064 | D:2      | Noticed Natasha
  1075 | D:2      | Killed Natasha
  1075 | D:2      | Reached skill level 4 in Unarmed Combat
  1075 | D:2      | Reached XP level 4. HP: 37/44 MP: 3/3
  1377 | D:3      | Reached XP level 5. HP: 15/52 MP: 4/4
  1382 | D:3      | Slain by a gnoll

Levels and vault maps discovered:
D:1:      dpeg_arrival_fog, layout_basic, grunt_decor_resistance, st_stairs_1,
          nrook_loot_triangle
D:2:      layout_loops_corners, led_sif_pool,
          nicolae_dithmenos_through_a_glass_darkly, first_ration, uniq_natasha
D:3:      layout_rooms, lemuel_coloured_pillars_altar, kennysheep_generic_room_6

Skill      XL: |  1  2  3  4 |
---------------+-------------+-----
Unarmed Combat | 4 |  4.8
Dodging        | 3 |  3.0
Fighting       | |  2.9
Stealth        | |  1.1

Action                   |  1- 3 |  4- 6 || total
-------------------------+-------+-------++-------
Melee: Unarmed           |    97 |    27 ||   124
       Punch             |       |     1 ||     1
 Stab: Sleeping          |       |     2 ||     2
  Eat: Chunk             |     7 |       ||     7
       Ration            |       |     1 ||     1
Armor: Robe              |    36 |    11 ||    47
Dodge: Dodged            |    68 |    46 ||   114

Table legend:
 A = Non-vault XP
 B = Vault XP
 C = Vault XP percentage of total XP
 D = Non-vault monster count
 E = Vault monster count
 F = Vault count percentage of total count
                 A         B        C        D         E       F
            +---------+---------+-------+---------+---------+-------
      Total |     156 |      40 |  20.4 |      48 |       3 |   5.9
            +---------+---------+-------+---------+---------+-------
        D:1 |      49 |       4 |   7.5 |      29 |       2 |   6.5
        D:2 |      18 |      36 |  66.7 |      10 |       1 |   9.1
        D:3 |      89 |       0 |   0.0 |       9 |       0 |   0.0
            +---------+---------+-------+---------+---------+-------
